[Event "ESTCC U65 2018"]
[Site "Walbrzych"]
[Date "2018.04.16"]
[Round "3"]
[White "Olesen, Poul Erik Norgaard"]
[Black "Meskanen, Vesa"]
[Result "1-0"]
[ECO "B72"]
[WhiteElo "2005"]
[BlackElo "2066"]
[Annotator "NA RC"]
[PlyCount "61"]
[EventDate "2018.??.??"]
[EventCountry "POL"]
[SourceTitle "playchess.com"]
[Source "ChessBase"]
[SourceQuality "1"]
[WhiteTeam "Denmark"]
[BlackTeam "Finland"]
[WhiteTeamCountry "DEN"]
[BlackTeamCountry "FIN"]
[TimeControl "40/5400+30:1800+30"]

1. e4 c5 2. Nf3 d6 3. d4 cxd4 4. Nxd4 Nf6 5. Nc3 g6 6. Be2 Bg7 7. Be3 Nc6 8. Nb3 Be6 {[%emt 0:04:53] LiveBook: 20 Games} 9. f4 a5 10. a4 Rc8 11. O-O O-O 12. Kh1 {[%emt 0:19:58] B74: Sicilian Dragon: Classical System with 9 Nb3} Nb4 (12... Bxb3 13. cxb3 Nd7 14. Bc4 Nb4 15. Qe2 Nb6 16. Nd5 N4xd5 17. exd5 Nd7 18. Rae1 Nc5 19. f5 Nd7 {1-0 (72) Tiviakov,S (2674)-Colovic,A (2441) Benidorm 2009}) 13. Bf3 Qd7 $146 ({Find the theoretical novelty and annotate with similar games:} 13... Nd7 14. Nd4 Bc4 15. Rf2 e6 16. Bg4 Nb6 17. Rd2 Qe7 {½-½ (53) Zhang,X (2354)-Tan,Z (2438) Beijing 2012}) 14. Nxa5 Ng4 15. Bg1 Ra8 (15... h5 $14) 16. Nb3 Rfc8 17. Nd4 Nf6 $18 18. Nxe6 fxe6 19. Be3 Ne8 20. Rf2 Bxc3 21. bxc3 Na6 22. f5 Rxc3 23. Bd4 Rc4 24. fxe6 Qxe6 25. Bg4 Qxe4 26. c3 Nc5 27. Qf1 Nf6 28. Qxc4+ d5 29. Qxc5 Nxg4 30. Rff1 e5 31. Rae1 1-0

[Event "ESTCC U65 2018"]
[Site "Walbrzych"]
[Date "2018.04.16"]
[Round "3"]
[White "Alkkiomaki, Jyrki"]
[Black "Staechelin, Ruedi"]
[Result "0-1"]
[ECO "B07"]
[WhiteElo "1967"]
[BlackElo "2091"]
[Annotator "NA RC"]
[PlyCount "82"]
[EventDate "2018.??.??"]
[EventCountry "POL"]
[SourceTitle "playchess.com"]
[Source "ChessBase"]
[SourceQuality "1"]
[WhiteTeam "Finland"]
[BlackTeam "Switzerland"]
[WhiteTeamCountry "FIN"]
[BlackTeamCountry "SUI"]
[TimeControl "40/5400+30:1800+30"]

1. e4 d6 2. d4 Nf6 3. Nc3 Nbd7 4. Nf3 e5 5. Be2 Be7 6. b3 c6 7. Bb2 Qc7 8. Qd2 h6 9. O-O-O a6 10. Kb1 b5 11. Bd3 Bb7 12. Rhe1 O-O-O 13. Qe2 Rhe8 14. a4 Bf8 15. d5 $11 b4 16. dxc6 Qxc6 17. Nd5 Nxd5 18. exd5 Qb6 19. Bc4 Kb8 20. Bc1 Rc8 21. Be3 Nc5 22. g4 Be7 23. Bxc5 Rxc5 24. Qe4 Bf6 25. Nd4 Rec8 26. Nf5 Rh8 27. Ne3 Bg5 28. Rf1 g6 29. Ng2 Bc8 30. h4 f5 31. Qe2 Bf6 32. f3 Ka7 33. Rh1 h5 34. g5 Bg7 35. f4 e4 36. Ne3 Bd7 37. Ka2 Rb8 38. Rh2 Qa5 39. c3 bxc3 40. Rb1 Bxa4 41. b4 Bb3+ 0-1

[Event "ESTCC U65 2018"]
[Site "Walbrzych"]
[Date "2018.04.16"]
[Round "3"]
[White "Jorgensen, Arne Bjorn"]
[Black "Dalling, Peter"]
[Result "1-0"]
[ECO "D02"]
[WhiteElo "1956"]
[BlackElo "1844"]
[Annotator "NA RC"]
[PlyCount "93"]
[EventDate "2018.??.??"]
[EventCountry "POL"]
[SourceTitle "playchess.com"]
[Source "ChessBase"]
[SourceQuality "1"]
[WhiteTeam "Denmark"]
[BlackTeam "Sweden"]
[WhiteTeamCountry "DEN"]
[BlackTeamCountry "SWE"]
[TimeControl "40/5400+30:1800+30"]

1. Nf3 d5 2. d4 Nf6 3. g3 Nc6 4. Bg2 Bf5 5. O-O e6 6. c4 Be7 7. Nc3 O-O 8. Ne5 Nb4 {[%emt 0:05:10] D02: 1 d4 d5 2 Nf3 sidelines, including 2...Nf6 3 g3 and 2...Nf6 3 Bf4} (8... Ne4 9. Nxc6 bxc6 10. Nxe4 Bxe4 11. Bxe4 dxe4 12. Be3 f5 13. Qa4 Qd7 14. d5 exd5 15. cxd5 Qxd5 16. Rac1 {1-0 (69) Rakesh,K (2394)-Mohammad,M (2428) Bhubaneswar 2017}) 9. a3 Na6 10. b4 $146 ({Find the theoretical novelty and annotate with similar games:} 10. cxd5 exd5 11. Qb3 Rb8 12. Nxd5 Be6 13. Nxe7+ Qxe7 14. Qf3 Rfd8 15. Rd1 Nc5 16. Be3 {1-0 (27) Oussedik,M (2174)-Zaibi,A (2264) Monastir 2014}) 10... c6 11. cxd5 cxd5 12. Bb2 Rc8 13. Rc1 Nb8 14. Qb3 Nc6 15. Rfd1 Bd6 16. Na4 Qe7 17. Nxc6 Rxc6 18. Rxc6 bxc6 19. Nc5 Rb8 20. Qa4 Rc8 21. Nd3 Ne4 22. Rc1 Qb7 23. Bxe4 Bxe4 24. Nc5 Bxc5 25. Rxc5 a6 26. f3 $14 Bb1 27. Qb3 Qd7 28. Bc1 Bg6 29. Kg2 Kf8 30. Bd2 Ke7 31. Qc3 Bb1 32. Qb2 Bg6 33. Qc1 h6 34. a4 Kd8 35. b5 axb5 36. axb5 Ke8 37. bxc6 Qa7 38. c7 Kd7 39. Ba5 Qa6 40. Qb2 Bf5 41. Kf2 g5 42. Qb4 h5 43. Qa4+ Ke7 44. Rb5 Kf6 45. Qb4 Kg6 46. Rb8 e5 47. Rb6+ 1-0

[Event "ESTCC U65 2018"]
[Site "Walbrzych"]
[Date "2018.04.16"]
[Round "3"]
[White "Grahn, Lars"]
[Black "Vehkalahti, Veli"]
[Result "1-0"]
[ECO "E08"]
[WhiteElo "1949"]
[BlackElo "1880"]
[Annotator "NA RC"]
[PlyCount "85"]
[EventDate "2018.??.??"]
[EventCountry "POL"]
[SourceTitle "playchess.com"]
[Source "ChessBase"]
[SourceQuality "1"]
[WhiteTeam "Sweden"]
[BlackTeam "Finland"]
[WhiteTeamCountry "SWE"]
[BlackTeamCountry "FIN"]
[TimeControl "40/5400+30:1800+30"]

1. d4 Nf6 2. c4 e6 3. Nf3 d5 4. g3 Be7 5. Bg2 O-O $11 {[%emt 0:00:22] LiveBook: 8941 Games} 6. Qc2 Nbd7 7. O-O dxc4 8. Qxc4 Nb6 9. Qc2 c6 10. e4 Bd7 11. h3 Qc8 12. Be3 Qc7 13. Nbd2 Rac8 14. Rfc1 Nh5 15. Nb3 g6 16. Bh6 Rfd8 17. a4 Be8 18. a5 Nd7 19. Be3 f6 20. d5 exd5 21. exd5 Bf7 22. Nfd4 Qd6 23. dxc6 bxc6 24. Rd1 Bd5 25. Ne2 Qb4 26. Nbd4 Ne5 27. Ra4 Qb7 28. Bxd5+ cxd5 29. Qb3 Qxb3 30. Nxb3 Nc4 31. Bd4 Rb8 32. Nec1 Ng7 33. Bxa7 Rb7 34. Bc5 Nxb2 35. Rad4 Nxd1 36. Rxd1 Bxc5 37. Nxc5 Rb5 38. N1b3 Nf5 39. a6 Ne7 40. Nb7 Ra8 41. N3c5 Kf7 42. Nd6+ Kf8 43. Nxb5 1-0

[Event "ESTCC U65 2018"]
[Site "Walbrzych"]
[Date "2018.04.16"]
[Round "3"]
[White "Ruotanen, Helge"]
[Black "Heikkila, Raine"]
[Result "1-0"]
[ECO "A00"]
[WhiteElo "1921"]
[BlackElo "1705"]
[Annotator "NA RC"]
[PlyCount "105"]
[EventDate "2018.??.??"]
[EventCountry "POL"]
[SourceTitle "playchess.com"]
[Source "ChessBase"]
[SourceQuality "1"]
[WhiteTeam "Finland"]
[BlackTeam "Finland"]
[WhiteTeamCountry "FIN"]
[BlackTeamCountry "FIN"]
[TimeControl "40/5400+30:1800+30"]

1. g3 e5 2. d3 d5 3. Bg2 h6 {[%emt 0:00:20] A00: Irregular Openings} (3... Nf6 4. Nf3 Bd6 5. Nbd2 O-O 6. e4 c6 7. O-O Re8 8. Re1 Nbd7 9. c3 h6 10. Qc2 Nf8 11. b3 Ng6 12. Bb2 Bg4 13. h3 Be6 14. Rad1 Qc7 15. Nf1 Rad8 16. Ne3 Qc8 17. Kh2 {0-1 (39) Mamedyarov,S (2799)-Grischuk,A (2772) Huaian 2017}) 4. Nf3 Nc6 5. O-O Bc5 {[%emt 0:00:09] [#]} 6. Nxe5 $1 Nxe5 $146 ({Predecessor:} 6... Qf6 7. Nxc6 bxc6 8. e3 Ne7 9. d4 Bb6 10. Nd2 a5 11. Qf3 Qg6 12. Qd1 {1-0 (27) Meyer,H (1730)-Zedlitz,F (1676) Germany 2012}) 7. d4 Bb6 8. dxe5 Bg4 9. Bxd5 c6 10. Bf3 Qxd1 11. Rxd1 Bf5 12. Na3 Bc5 13. e4 Be6 14. b3 Ne7 15. Bb2 O-O 16. c4 Rfe8 17. Nc2 Ng6 18. Bh5 Rf8 19. Kg2 Rae8 20. f4 Bc8 21. Rd2 Rd8 22. Rad1 Rxd2+ 23. Rxd2 Bb6 24. b4 Rd8 25. Rxd8+ Bxd8 26. Ne3 Ne7 27. c5 Be6 28. a3 a5 29. Be2 g6 30. Nc4 axb4 31. axb4 Kf8 32. g4 $18 Bd7 33. Bd4 Nc8 34. Kg3 Ne7 35. Be3 Nc8 36. h4 Be7 37. Nd6 Nxd6 38. exd6 Bf6 39. e5 Bd8 40. Bd3 Kg7 41. h5 gxh5 42. Bf5 Be6 43. Bxe6 fxe6 44. f5 h4+ 45. Kh3 Bg5 46. Bxg5 hxg5 47. d7 Kf7 48. d8=Q exf5 49. gxf5 g4+ 50. Kxg4 h3 51. Qd7+ Kg8 52. f6 h2 53. Qg7# 1-0

[Event "ESTCC U65 2018"]
[Site "Walbrzych"]
[Date "2018.04.16"]
[Round "3"]
[White "Gromark, Per-Olof"]
[Black "Christiansen, Arne"]
[Result "1-0"]
[ECO "E92"]
[WhiteElo "1901"]
[BlackElo "2045"]
[Annotator "NA RC"]
[PlyCount "77"]
[EventDate "2018.??.??"]
[EventCountry "POL"]
[SourceTitle "playchess.com"]
[Source "ChessBase"]
[SourceQuality "1"]
[WhiteTeam "Sweden"]
[BlackTeam "Denmark"]
[WhiteTeamCountry "SWE"]
[BlackTeamCountry "DEN"]
[TimeControl "40/5400+30:1800+30"]

1. c4 Nf6 2. Nc3 g6 3. e4 d6 4. d4 Bg7 5. Nf3 {[%emt 0:00:02] LiveBook: 29695 Games} O-O 6. Be2 e5 7. d5 a5 8. Bg5 Nbd7 9. Nd2 Nc5 10. b3 Bd7 11. a3 $14 Qe8 12. O-O h6 13. Be3 b6 14. b4 Na4 15. Qc2 Nxc3 16. Qxc3 Ng4 17. Bxg4 Bxg4 18. f3 Bd7 19. c5 Bb5 20. Rfc1 axb4 21. axb4 bxc5 22. bxc5 Rxa1 23. Rxa1 c6 24. Nc4 cxd5 25. Nxd6 d4 26. Qb4 Qe7 27. Qxb5 dxe3 28. Qd3 Qc7 29. Qxe3 Rb8 30. Qc3 h5 31. h3 Bf8 32. Rd1 f6 33. Qc4+ Kg7 34. Qd5 Qe7 35. Kh2 Kh7 36. Ra1 Qc7 37. Ra6 Kg7 38. Rb6 Rxb6 39. Ne8+ 1-0

[Event "ESTCC U65 2018"]
[Site "Walbrzych"]
[Date "2018.04.16"]
[Round "3"]
[White "Marks, Ian A"]
[Black "Carlsten, Peter"]
[Result "1/2-1/2"]
[ECO "C41"]
[WhiteElo "1895"]
[BlackElo "2010"]
[Annotator "NA RC"]
[PlyCount "46"]
[EventDate "2018.??.??"]
[EventCountry "POL"]
[SourceTitle "playchess.com"]
[Source "ChessBase"]
[SourceQuality "1"]
[WhiteTeam "Scotland"]
[BlackTeam "Sweden"]
[WhiteTeamCountry "SCO"]
[BlackTeamCountry "SWE"]
[TimeControl "40/5400+30:1800+30"]

1. d4 d6 2. e4 Nf6 3. Nc3 e5 4. Nf3 Nbd7 5. Bc4 Be7 6. O-O O-O 7. Re1 c6 8. a4 b6 9. b3 a6 10. Bb2 Bb7 {[%emt 0:01:33] LiveBook: 230 Games} 11. Bf1 {[%emt 0:08:56] C41: Philidor Defence} Qc7 12. Ba3 ({Predecessor:} 12. Qd2 Rad8 13. Rad1 Rfe8 14. Qc1 Bf8 15. Ba3 b5 16. dxe5 dxe5 17. Bxf8 Nxf8 18. Rxd8 Rxd8 {0-1 (34) Sharafiev,A (2420)-Movsesian,S (2659) Minsk 2015}) 12... Rfe8 13. dxe5 dxe5 14. Bxe7 Rxe7 15. Qd2 b5 16. Nh4 Nc5 17. Nf5 Rd7 18. Qg5 Ne6 19. Qh4 Nf4 20. Qg5 Ne6 21. Qh4 Nf4 22. Qg5 Ne6 23. Qh4 $11 Nf4 1/2-1/2

[Event "ESTCC U65 2018"]
[Site "Walbrzych"]
[Date "2018.04.16"]
[Round "3"]
[White "Karppinen, Martti"]
[Black "Wademark, Helge"]
[Result "0-1"]
[ECO "A87"]
[WhiteElo "1894"]
[BlackElo "2005"]
[Annotator "NA RC"]
[PlyCount "108"]
[EventDate "2018.??.??"]
[EventCountry "POL"]
[SourceTitle "playchess.com"]
[Source "ChessBase"]
[SourceQuality "1"]
[WhiteTeam "Finland"]
[BlackTeam "Sweden"]
[WhiteTeamCountry "FIN"]
[BlackTeamCountry "SWE"]
[TimeControl "40/5400+30:1800+30"]

1. d4 f5 2. c4 Nf6 3. g3 g6 4. Bg2 Bg7 5. Nf3 d6 6. O-O O-O 7. Qb3 c6 8. Nc3 Kh8 9. h4 $146 {A88: Dutch Defence: Leningrad System: 5 Nf3 0-0 6 0-0 d6 7 Nc3 c6} ({Predecessor:} 9. Rd1 Na6 10. Qa3 Nc7 11. d5 Bd7 12. dxc6 Bxc6 13. Be3 b6 14. Rac1 Qe8 15. b4 Ng4 16. Bd2 Ne5 17. Nxe5 Bxe5 {½-½ (57) Bacrot,E (2702)-Svidler,P (2762) Porto Vecchio 2016}) 9... Qc7 10. Ng5 e5 11. dxe5 dxe5 12. Qc2 h6 13. Nh3 Be6 14. b3 Nbd7 15. Ba3 Rf7 16. Rad1 Qa5 17. Bb2 Raf8 18. Rd6 Re8 19. Bc1 Bf8 20. Rdd1 Nh5 21. Bd2 Qc7 22. Bc1 Kh7 $17 23. Bf3 Ndf6 24. Bg2 Qc8 25. Kh2 Ng4+ 26. Kg1 Qc7 27. Qd2 e4 28. Nf4 e3 29. fxe3 Nxg3 30. Rf3 Ne4 31. Nxe4 fxe4 32. Rh3 Bf5 33. Qc3 Bg7 34. Qd2 Rd7 35. Qc2 Rxd1+ 36. Qxd1 Rd8 37. Qe1 Qd6 38. Bf1 Qd1 39. Qxd1 Rxd1 40. Ba3 Ra1 41. Bc5 Rxa2 42. Rg3 b6 43. Bd4 Ra3 44. Bg2 h5 45. Nh3 Rxb3 46. Ng5+ Kg8 47. Bxg7 Kxg7 48. Bxe4 Bxe4 49. Nxe4 Rxe3 50. Rxe3 Nxe3 51. Nd6 a5 52. Kf2 Nf5 53. c5 Nxd6 54. cxd6 Kf7 0-1

[Event "ESTCC U65 2018"]
[Site "Walbrzych"]
[Date "2018.04.16"]
[Round "3"]
[White "Patola, Eero"]
[Black "Lehtosaari, Kalevi"]
[Result "1/2-1/2"]
[ECO "A36"]
[WhiteElo "1823"]
[BlackElo "1964"]
[Annotator "NA RC"]
[PlyCount "70"]
[EventDate "2018.??.??"]
[EventCountry "POL"]
[SourceTitle "playchess.com"]
[Source "ChessBase"]
[SourceQuality "1"]
[WhiteTeam "Finland"]
[BlackTeam "Finland"]
[WhiteTeamCountry "FIN"]
[BlackTeamCountry "FIN"]
[TimeControl "40/5400+30:1800+30"]

1. c4 c5 2. Nc3 Nc6 3. g3 g6 4. Bg2 Bg7 5. e4 Nf6 6. Nge2 O-O 7. O-O d6 8. d3 e6 9. f4 {[%emt 0:05:42] A36: Symmetrical English vs ...g6: 4 Bg2 Bg7} Ng4 (9... Rb8 10. h3 a6 11. Be3 Qc7 {0-1 (63) Tomaszewski,R (2296)-Cukrowski,F (2367) Poronin 2016}) 10. h3 Nh6 $146 ({Predecessor:} 10... Bd4+ 11. Nxd4 cxd4 12. hxg4 dxc3 13. bxc3 f6 14. Be3 h6 15. Qd2 g5 {0-1 (47) Howard,P (1448)-Reeves,N (1715) Dos Hermanas 2004}) 11. g4 f5 12. exf5 gxf5 13. g5 Nf7 14. Be3 Nd4 15. Ng3 Bd7 16. Nce2 Bc6 17. Nxd4 cxd4 18. Bf2 Qd7 19. h4 Bxg2 20. Kxg2 e5 21. Nh5 Nd8 22. Qf3 Qc6 23. Qxc6 Nxc6 24. Nxg7 Kxg7 25. Bg3 Rae8 $11 26. a3 e4 27. dxe4 Rxe4 28. Rad1 Na5 29. Bf2 Nxc4 30. Rxd4 Rfe8 31. Rc1 Ne3+ 32. Bxe3 Rxe3 33. Rxd6 R8e7 34. h5 Re2+ 35. Kf1 Rxb2 1/2-1/2

[Event "ESTCC U65 2018"]
[Site "Walbrzych"]
[Date "2018.04.16"]
[Round "3"]
[White "Andersson, Kenneth"]
[Black "Andersson, Finn"]
[Result "0-1"]
[ECO "B30"]
[WhiteElo "1763"]
[BlackElo "1719"]
[Annotator "NA RC"]
[PlyCount "110"]
[EventDate "2018.??.??"]
[EventCountry "POL"]
[SourceTitle "playchess.com"]
[Source "ChessBase"]
[SourceQuality "1"]
[WhiteTeam "Sweden"]
[BlackTeam "Denmark"]
[WhiteTeamCountry "SWE"]
[BlackTeamCountry "DEN"]
[TimeControl "40/5400+30:1800+30"]

1. Nf3 c5 2. e4 Nc6 3. c4 g6 4. Nc3 Bg7 5. d3 d6 6. Bf4 a6 7. a4 Nf6 8. Be2 O-O 9. O-O Nh5 10. Bd2 Bg4 11. Rb1 Bxf3 12. Bxf3 Nf6 13. Nd5 e6 14. Nxf6+ Bxf6 15. Bc3 Rb8 16. Bg4 b5 17. axb5 axb5 18. Bxf6 Qxf6 19. b3 b4 20. f4 Qd4+ 21. Kh1 Ra8 22. h3 Ra2 23. Bf3 Ne7 24. Re1 Rfa8 25. Re2 Qf6 26. e5 Qxf4 27. Bxa8 Rxa8 28. Qf1 dxe5 29. Qxf4 exf4 30. Rf1 Nf5 31. Re5 Ng3+ 32. Kg1 Nxf1 33. Kxf1 Ra3 34. Rxc5 Rxb3 35. Ke2 Kg7 36. Rb5 Kf6 37. c5 Ke5 38. c6+ Kd6 39. Rb6 Rc3 40. Rxb4 e5 41. d4 e4 42. Rb7 f5 43. Rxh7 Rxc6 44. Rg7 Kd5 45. Rd7+ Rd6 46. Ra7 Kxd4 47. Ra3 Rb6 48. Ra2 Kc3 49. Ra3+ Rb3 50. Ra6 Rb2+ 51. Kf1 Rb1+ 52. Ke2 Rb2+ 53. Kf1 Kd3 54. Rxg6 Rb1+ 55. Kf2 e3+ 0-1

[Event "ESTCC U65 2018"]
[Site "Walbrzych"]
[Date "2018.04.16"]
[Round "3"]
[White "Lindholm, Pertti"]
[Black "Rintakoski, Pentti"]
[Result "1/2-1/2"]
[ECO "A40"]
[WhiteElo "1624"]
[BlackElo "1797"]
[Annotator "NA RC"]
[PlyCount "46"]
[EventDate "2018.??.??"]
[EventCountry "POL"]
[SourceTitle "playchess.com"]
[Source "ChessBase"]
[SourceQuality "1"]
[WhiteTeam "Finland"]
[BlackTeam "Finland"]
[WhiteTeamCountry "FIN"]
[BlackTeamCountry "FIN"]
[TimeControl "40/5400+30:1800+30"]

1. d4 e6 2. Nf3 Nf6 3. Nc3 d5 4. Bf4 a6 5. e3 Nbd7 6. Bd3 c5 7. dxc5 Nxc5 8. Be2 Nce4 9. Nxe4 Nxe4 10. O-O Be7 11. c4 Bf6 12. Qc2 Qb6 13. Rab1 O-O 14. cxd5 exd5 15. Bc7 Qc6 16. Rfc1 Qxc2 17. Rxc2 Be6 18. Nd4 Bxd4 19. exd4 Nf6 20. Rbc1 Rfc8 21. f3 h6 22. Be5 Rxc2 23. Rxc2 Rc8 1/2-1/2

[Event "ESTCC U65 2018"]
[Site "Walbrzych"]
[Date "2018.04.17"]
[Round "4"]
[White "Westerinen, Heikki M J"]
[Black "Just, Joachim"]
[Result "1-0"]
[ECO "C10"]
[WhiteElo "2308"]
[BlackElo "1928"]
[Annotator "NA"]
[PlyCount "81"]
[EventDate "2018.??.??"]
[EventCountry "POL"]
[SourceTitle "playchess.com"]
[Source "ChessBase"]
[SourceQuality "1"]
[WhiteTeam "Finland"]
[BlackTeam "Germany"]
[WhiteTeamCountry "FIN"]
[BlackTeamCountry "GER"]
[TimeControl "40/5400+30:1800+30"]

1. e4 e6 2. d4 d5 3. Nd2 dxe4 4. Nxe4 Nd7 5. Bd3 Ngf6 6. Qe2 Nxe4 7. Bxe4 Nf6 {[%emt 0:01:12] LiveBook: 18 Games} 8. Bxb7 {[%emt 0:01:34] C10: French with 3 Nc3: Unusual Black 3rd moves and 3...dxe4} Bxb7 9. Qb5+ Nd7 10. Qxb7 Bd6 11. Nf3 O-O 12. O-O a5 13. Qe4 $146 ({Predecessor:} 13. a4 Rb8 14. Qa6 Ra8 15. Qe2 c5 16. dxc5 Nxc5 {½-½ (93) Belyakov,B (2486)-Timofeev,A (2549) Sochi 2017}) 13... Nf6 14. Qe2 Qb8 15. c4 c5 16. dxc5 Bxc5 17. Bg5 Nd7 18. Rad1 Qc7 19. Nd4 Bxd4 20. Rxd4 e5 21. Rd2 Rfe8 22. Rfd1 Nf8 23. Be3 Ra6 24. c5 Rg6 25. Rd6 Rge6 26. b3 R6e7 $18 27. Qb5 Rb8 28. Qc6 Qxc6 29. Rxc6 Ra8 30. Rcd6 Ne6 31. c6 Ree8 32. Bb6 Rac8 33. Bxa5 Nd4 34. c7 Kf8 35. Rd7 Kg8 36. b4 Nc6 37. Rd8 Nd4 38. a4 Kf8 39. b5 Ke7 40. Rxc8 Rxc8 41. b6 1-0

[Event "ESTCC U65 2018"]
[Site "Walbrzych"]
[Date "2018.04.17"]
[Round "4"]
[White "Pushkov, Nikolai"]
[Black "White, Alastair F"]
[Result "1-0"]
[ECO "D26"]
[WhiteElo "2304"]
[BlackElo "2069"]
[Annotator "NA"]
[PlyCount "39"]
[EventDate "2018.??.??"]
[EventCountry "POL"]
[SourceTitle "playchess.com"]
[Source "ChessBase"]
[SourceQuality "1"]
[WhiteTeam "Russia"]
[BlackTeam "Scotland"]
[WhiteTeamCountry "RUS"]
[BlackTeamCountry "SCO"]
[TimeControl "40/5400+30:1800+30"]

1. d4 d5 2. c4 dxc4 3. Nf3 Nf6 4. e3 e6 5. Bxc4 a6 6. a4 Nbd7 7. O-O c5 8. Nc3 {[%emt 0:01:15] LiveBook: 53 Games} b6 {[%emt 0:01:18] D27: Queen's Gambit Accepted: Classical main line: 7 e4!? and 7 a4} (8... cxd4 $14 9. Qxd4 (9. exd4 Bd6 $14) 9... Be7) 9. Qe2 Qc7 10. d5 e5 11. e4 Bd6 12. Nh4 g6 13. Bh6 Bf8 14. Bd2 $146 ({Predecessor:} 14. Bxf8 Kxf8 15. Qd2 Qd6 16. Qh6+ Kg8 17. h3 {0-1 (48) Richardson,J (2260)-Hansen,L (2570) Copenhagen 1997}) 14... Bg7 15. f4 O-O 16. f5 Qd6 17. g4 $18 Re8 18. Qf3 Nf8 19. g5 Nh5 20. fxg6 1-0

[Event "ESTCC U65 2018"]
[Site "Walbrzych"]
[Date "2018.04.17"]
[Round "4"]
[White "Baum, Bernd"]
[Black "Jorgensen, Brian Jorgen"]
[Result "1-0"]
[ECO "A10"]
[WhiteElo "2290"]
[BlackElo "2255"]
[Annotator "NA"]
[PlyCount "99"]
[EventDate "2018.??.??"]
[EventCountry "POL"]
[SourceTitle "playchess.com"]
[Source "ChessBase"]
[SourceQuality "1"]
[WhiteTeam "Germany"]
[BlackTeam "Denmark"]
[WhiteTeamCountry "GER"]
[BlackTeamCountry "DEN"]
[TimeControl "40/5400+30:1800+30"]

1. c4 f5 2. Nf3 Nf6 3. Nc3 g6 4. d3 d6 {[%emt 0:01:16] A10: English Opening: Unusual Replies for Black} (4... Bg7 5. e4 d6 6. exf5 Bxf5 7. d4 O-O 8. Bd3 Bg4 9. Be2 Nc6 10. d5 Bxf3 11. Bxf3 Ne5 12. Be2 Qd7 {½-½ (36) Matlakov,M (2701)-Cheparinov,I (2689) Caleta 2017}) 5. e4 e5 {[%emt 0:01:12] LiveBook: 7 Games} 6. Be2 Bg7 7. exf5 gxf5 8. d4 e4 (8... Nc6 $11 {keeps the balance.}) 9. Ng5 O-O 10. O-O Nc6 11. Be3 $146 ({Predecessor:} 11. d5 Ne5 12. f4 Ng6 13. Be3 h6 14. Nh3 c5 15. dxc6 bxc6 {½-½ (45) Haria,R (2100)-Eames,R (2232) England 2014}) 11... Ne7 12. d5 Ng6 13. Nh3 Qe7 14. Qd2 Kh8 15. Rae1 Nd7 16. Bg5 Qf7 17. f3 exf3 18. Rxf3 Nde5 19. Rff1 Bd7 20. b3 Qg8 21. Bh5 a6 22. a4 Rab8 23. Nf4 Nxf4 24. Rxf4 $11 Be8 25. Bxe8 Rbxe8 26. Ref1 Nf7 27. Bh4 Nh6 28. Ne2 Be5 29. R4f3 Ng4 30. Bg3 Qg7 31. Rxf5 Rxf5 32. Rxf5 Bxg3 33. Nxg3 Ne3 34. Rf3 Qa1+ 35. Nf1 Nxf1 36. Rxf1 Qe5 37. Qf2 Qe3 38. Qxe3 Rxe3 39. Rf3 Re7 40. Kf2 Kg7 41. Re3 Rf7+ 42. Ke2 a5 43. Kd3 b6 44. Kc3 Kg6 45. Rg3+ Kh6 46. Rg8 Re7 47. Kd2 Kh5 48. Rg3 Kh4 49. Re3 Rg7 50. Rh3+ 1-0

[Event "ESTCC U65 2018"]
[Site "Walbrzych"]
[Date "2018.04.17"]
[Round "4"]
[White "Vucenovic, Dragomir"]
[Black "Hedin, Gunnar"]
[Result "1/2-1/2"]
[ECO "A88"]
[WhiteElo "2248"]
[BlackElo "2174"]
[Annotator "NA"]
[PlyCount "104"]
[EventDate "2018.??.??"]
[EventCountry "POL"]
[SourceTitle "playchess.com"]
[Source "ChessBase"]
[SourceQuality "1"]
[WhiteTeam "Switzerland"]
[BlackTeam "Sweden"]
[WhiteTeamCountry "SUI"]
[BlackTeamCountry "SWE"]
[TimeControl "40/5400+30:1800+30"]

1. d4 f5 2. Nf3 Nf6 3. g3 g6 4. Bg2 Bg7 5. O-O O-O 6. c4 d6 7. Nc3 c6 8. Qb3 Qb6 9. Qc2 {[%emt 0:01:27] LiveBook: 6 Games} Qc7 10. Bf4 {[%emt 0:03:38] A88: Dutch Defence: Leningrad System: 5 Nf3 0-0 6 0-0 d6 7 Nc3 c6} (10. b3 a5 11. Bb2 Na6 12. Rad1 e5 13. dxe5 dxe5 14. Na4 Ne4 15. Nd2 Nec5 16. Nxc5 Nxc5 17. a3 e4 18. Bxg7 Qxg7 19. b4 axb4 20. axb4 {0-1 (44) Beradze,I (2416)-Bortnyk,O (2557) Ureki 2015}) 10... Nh5 11. Rad1 $146 ({Find the theoretical novelty and annotate with similar games:} 11. Bd2 e5 12. dxe5 dxe5 13. e3 Be6 14. b3 Qe7 15. Rac1 Na6 16. Na4 Rfd8 17. Bc3 b5 {0-1 (41) Jakovljevic,Z (2021)-Svicevic,R (2263) Belgrade 2016}) 11... Nxf4 12. gxf4 Nd7 13. d5 Nf6 14. Nd4 Bd7 15. e3 Rae8 16. Rd2 e6 17. dxe6 Bxe6 18. Nxe6 Rxe6 19. Rfd1 Rfe8 20. a3 a6 21. b4 Qe7 22. Re1 Kh8 23. b5 axb5 24. cxb5 d5 25. bxc6 bxc6 $15 26. Rd3 Ra8 27. Ne2 Ne4 28. Bxe4 fxe4 29. Rb3 c5 30. Reb1 Rc6 31. Rb8+ Rc8 32. R1b7 Qe6 33. Rxa8 Rxa8 34. Qxc5 Qg4+ 35. Ng3 Qd1+ 36. Kg2 Qf3+ 37. Kh3 h5 38. Rxg7 Qg4+ 39. Kg2 Kxg7 40. Qxd5 Re8 41. h3 Qe6 42. Qg5 Kf7 43. f5 gxf5 44. Qxh5+ Qg6 45. Qxf5+ Qxf5 46. Nxf5 Kf6 47. Ng3 Ke5 48. h4 Ra8 49. Ne2 Rxa3 50. h5 Ra6 51. Kg3 Rf6 52. Nf4 Kf5 1/2-1/2

[Event "ESTCC U65 2018"]
[Site "Walbrzych"]
[Date "2018.04.17"]
[Round "4"]
[White "Ackermann, Hans Werner"]
[Black "Olesen, Poul Erik Norgaard"]
[Result "1-0"]
[ECO "A05"]
[WhiteElo "2211"]
[BlackElo "2005"]
[Annotator "ChessBase"]
[PlyCount "119"]
[EventDate "2018.??.??"]
[EventCountry "POL"]
[SourceTitle "playchess.com"]
[Source "ChessBase"]
[SourceQuality "1"]
[WhiteTeam "Germany"]
[BlackTeam "Denmark"]
[WhiteTeamCountry "GER"]
[BlackTeamCountry "DEN"]
[TimeControl "40/5400+30:1800+30"]

1. Nf3 Nf6 2. c4 g6 3. b3 Bg7 4. Bb2 O-O 5. g3 d6 6. d4 c5 7. Bg2 cxd4 8. Nxd4 Qc7 9. Nc3 Nc6 10. O-O Nxd4 11. Qxd4 Ng4 12. Qd2 Qa5 13. h3 Ne5 14. Rad1 Nc6 15. g4 h5 16. g5 Be6 17. Ba1 a6 18. Nd5 Qxd2 19. Rxd2 Bxd5 20. Bxd5 Rfc8 21. f4 Rab8 22. Kg2 Bxa1 23. Rxa1 Kf8 24. Rc1 Rc7 25. Bf3 Rd8 26. Rcd1 b6 27. e3 a5 28. Kf2 Rb8 29. Rb1 Rd8 30. Ke2 Ke8 31. Ke1 Rb8 32. Kd1 Kf8 33. Rf2 e6 34. Rd2 Ke7 35. Ke2 Rd8 36. Rbd1 Rcc8 37. Ke1 Rc7 38. Rc1 Nb8 39. Rcd1 Nc6 40. Kf2 Nb8 41. Ke2 Rc5 42. h4 Rcc8 43. Bg2 Rc5 44. Rd4 Rc7 45. Bf3 Rc5 46. R1d2 Nc6 47. Bxc6 Rxc6 48. e4 Rdc8 49. Ke3 R8c7 50. f5 Rd7 51. fxg6 fxg6 52. Rf2 Rd8 53. e5 Rg8 54. Rfd2 d5 55. cxd5 exd5 56. Rxd5 Rc3+ 57. Ke4 Rh3 58. Rd7+ Kf8 59. e6 Rxh4+ 60. Ke5 1-0